 Dungeon Crawl Stone Soup version 0.31-a0-202-g547052bce9 (webtiles) character file.

Game seed: 12457948438160491105

696 TittyCrusher the Frost Mage (level 7, -1/41 HPs)
             Began as an Octopode Ice Elementalist on June 26, 2023.
             Slain by a phantom (5 damage)
             ... on level 5 of the Dungeon.
             The game lasted 00:10:08 (4276 turns).

TittyCrusher the Frost Mage (OpIE)                  Turns: 4276, Time: 00:10:09

Health: -1/41      AC:  1    Str: 10    XL:     7   Next: 64%
Magic:  5/10       EV: 13    Int: 17    God:
Gold:   257        SH:  0    Dex: 12    Spells: 3/10 levels left

rFire   . . .        a - +2 quarterstaff (chaos)
rCold   . . .        (shield currently unavailable)
rNeg    . . .        (helmet restricted)
rPois   .            (no amulet)
rElec   .            (no ring)
rCorr   .            (no ring)
SInv    .            (no ring)
Will    .....        (no ring)
Stlth   +++          (no ring)
HPRegen 0.26/turn    (no ring)
MPRegen 0.12/turn    (no ring)
                     (no ring)

%: no passive effects
@: no status effects
A: almost no armour, amphibious, 8 rings, camouflage 1, gelatinous body 1,
(nimble swimmer 1), tentacles
a: no special abilities


You were on level 5 of the Dungeon.
You visited 1 branch of the dungeon, and saw 5 of its levels.

You collected 257 gold pieces.

Inventory:

Hand Weapons
 a - a +2 quarterstaff of chaos (weapon)
 l - a +0 dagger
 q - a +0 quarterstaff
 s - a +0 trident of protection
Missiles
 e - 49 stones
 k - 6 atropa-tipped darts
 p - 6 poisoned darts (quivered)
Jewellery
 c - a ring of magical power
 j - a +6 ring of dexterity
Scrolls
 d - a scroll of silence {unknown}
 f - 2 scrolls of teleportation
 h - a scroll of revelation {unknown}
 n - a scroll of blinking
 r - 3 scrolls of vulnerability {unknown}
 t - 2 scrolls of enchant armour {unknown}
 u - a scroll of identify
Potions
 b - a potion of magic
 i - a potion of haste {unknown}
 o - a potion of degeneration {unknown}


   Skills:
 - Level 2.0 Dodging
 - Level 2.6 Stealth
 - Level 2.0 Spellcasting
 + Level 9.1 Ice Magic


You had 3 spell levels left.
You knew the following spells:

 Your Spells              Type           Power      Damage    Failure   Level
a - Freeze                Ice            100%       1d10      1%          1
b - Frozen Ramparts       Ice            64%        1d10      1%          3
c - Ozocubu's Armour      Ice            32%        N/A       1%          3

Your spell library contained the following spells:

 Spells                   Type           Power      Damage    Failure   Level
 Dazzling Flash           Conj/Hex       2%         N/A       50%         3
 Volatile Blastmotes      Fire/Tloc      2%         2d10      50%         3
 Summon Ice Beast         Ice/Summ       17%        N/A       28%         4
 Iskenderun's Mystic Bla  Conj/Tloc      1%         2d3       88%         4
 Starburst                Conj/Fire      0%         6d3       100%        6


Dungeon Overview and Level Annotations

Branches:
Dungeon (5/15)
 Temple: D:4-7

Altars:


Innate Abilities, Weirdness & Mutations

You cannot wear most types of armour.
You are amphibious.
You can wear up to eight rings at the same time.
Your skin changes colour to match your surroundings (Stealth+).
Your rubbery body absorbs attacks. (AC +1, EV +1)
((You are camouflaged when in or above water. (Stealth+)))
You have tentacles for arms and can constrict up to eight enemies at once.


Message History

You blink.
Casting: Freeze (safe; 1% risk of failure)
Confirm with . or Enter, or press ? or * to list all spells.
Aiming: Freeze (safe; 1% risk of failure)
Press: ? - help, Shift-Dir - straight line, f/p - phantom
Aim: a phantom (moderately damaged)
You freeze the phantom but do no damage.
The phantom completely resists.
The phantom hits you!
Casting: Freeze (safe; 1% risk of failure)
Confirm with . or Enter, or press ? or * to list all spells.
Aiming: Freeze (safe; 1% risk of failure)
Press: ? - help, Shift-Dir - straight line, f/p - phantom
Aim: a phantom (moderately damaged)
You freeze the phantom.
The phantom resists.
The phantom is moderately damaged.
The phantom hits you.
Casting: Freeze (safe; 1% risk of failure)
Confirm with . or Enter, or press ? or * to list all spells.
Aiming: Freeze (safe; 1% risk of failure)
Press: ? - help, Shift-Dir - straight line, f/p - phantom
Aim: a phantom (moderately damaged)
You freeze the phantom.
The phantom resists.
The phantom is heavily damaged.
The phantom hits you!
* * * LOW HITPOINT WARNING * * *
You feel better. The phantom hits you.
The phantom blinks!
You blink.
You hit the phantom but do no damage.
The phantom is heavily damaged.
The phantom hits you.
You hit the phantom.
The phantom seems to speed up.
The phantom is heavily damaged.
The phantom hits you.
* * * LOW HITPOINT WARNING * * *
The phantom blinks!
You blink.
The phantom barely misses you.
You hit the phantom.
The phantom is severely damaged.
The phantom hits you.
* * * LOW HITPOINT WARNING * * *
The phantom blinks!
You blink.
The phantom hits you.
You die...

... ..........#
####.######.#
..........§.#
#######.###.# #.#
#.# #.# #.# #.#
#§#
###########.###.#
#.....§§§..@....#
#.#######..W#####
#)# #.###
######)# #.#
W....).# #.#
######## #.# #.#
#.# #.#


You could see a phantom (fast).

Vanquished Creatures
  Menkaure (D:4)
  2 black bears
  An ogre (D:4)
  Crazy Yiuf (D:3)
  An iguana (D:5)
  Natasha (D:4)
  2 orc wizards (D:5)
  Robin (D:2)
  A gnoll (D:1)
  5 adders
  An ufetubus (D:5)
  3 dart slugs
  7 orcs
  5 bats
  8 endoplasms
  A giant cockroach (D:1)
  19 goblins
  3 hobgoblins
  13 jackals
  2 quokkas
  10 ball pythons
  6 frilled lizards
  6 kobolds
  A rat (D:2)
101 creatures vanquished.

Notes
Turn   | Place    | Note
-------+----------+-------------------------------------------
     0 | D:1      | TittyCrusher the Octopode Ice Elementalist began the quest
                  | for the Orb.
     0 | D:1      | Reached XP level 1. HP: 11/11 MP: 3/3
    91 | D:1      | Reached XP level 2. HP: 9/17 MP: 0/5
   447 | D:1      | Reached XP level 3. HP: 11/21 MP: 3/6
   530 | D:1      | Reached skill level 5 in Ice Magic
  1256 | D:2      | Noticed Robin
  1404 | D:2      | Killed Robin
  1405 | D:2      | Reached XP level 4. HP: 10/27 MP: 3/7
  1704 | D:2      | Learned a level 3 spell: Frozen Ramparts
  1708 | D:2      | Learned a level 3 spell: Ozocubu's Armour
  1767 | D:2      | Reached skill level 6 in Ice Magic
  2073 | D:3      | Reached XP level 5. HP: 31/31 MP: 8/8
  2348 | D:3      | Found a runed translucent door.
  2349 | D:3      | Noticed Crazy Yiuf
  2359 | D:3      | Killed Crazy Yiuf
  2427 | D:3      | Identified the +6 hammer "Tyituki" {holy, rN+}
  3066 | D:4      | Noticed Menkaure
  3075 | D:4      | Killed Menkaure
  3076 | D:4      | Reached skill level 7 in Ice Magic
  3076 | D:4      | Reached XP level 6. HP: 36/36 MP: 9/9
  3167 | D:4      | Noticed Natasha
  3174 | D:4      | Killed Natasha
  3307 | D:4      | Reached skill level 8 in Ice Magic
  3405 | D:4      | Noticed a black bear
  3467 | D:4      | Killed a black bear
  3468 | D:4      | Reached XP level 7. HP: 41/41 MP: 3/10
  3869 | D:5      | Entered Level 5 of the Dungeon
  4116 | D:5      | Reached skill level 9 in Ice Magic
  4276 | D:5      | Slain by a phantom

Illustrated notes

Levels and vault maps discovered:
D:1:      wander_arrival_lonely_grave, layout_loops_cross, corner_web_ring,
          dreamdust_princess_corridor, roderic_lattice_a, nicolae_grassy_gnolls
D:2:      layout_rooms, minmay_crystal_room, chequers_serial_rivers_room_b,
          uniq_robin
D:3:      layout_loops_ring, uniq_crazy_yiuf_cottage
D:4:      layout_cave_pods, uniq_menkaure, uniq_natasha
D:5:      layout_loops_ring

Skill      XL: |  1  2  3  4  5  6  7 |
---------------+----------------------+-----
Ice Magic      | 5 6 7 8 9 |  9.1
Dodging        | |  2.0
Stealth        | |  2.6
Spellcasting   | |  2.0

Action                     |  1- 3 |  4- 6 |  7- 9 || total
---------------------------+-------+-------+-------++-------
  Melee: Unarmed           |    19 |       |       ||    19
         Tentacles         |     7 |    10 |     7 ||    24
         Constrict         |     7 |    15 |     3 ||    25
         Dagger            |    18 |     1 |       ||    19
         Trident           |       |    58 |    17 ||    75
         Quarterstaff      |       |    21 |     7 ||    28
  Throw: Dart              |       |     5 |     1 ||     6
   Cast: Freeze            |    35 |    13 |     6 ||    54
         Frozen Ramparts   |       |     6 |     6 ||    12
         Ozocubu's Armour  |       |     2 |     1 ||     3
  Evoke: Wand              |       |     5 |       ||     5
    Use: Scroll            |     1 |     4 |       ||     5
         Potion            |       |     1 |     1 ||     2
   Stab: Sleeping          |     9 |    11 |     1 ||    21
 Armour: Skin              |     6 |    17 |     1 ||    24
  Dodge: Dodged            |    47 |    36 |    18 ||   101

Table legend: (Time is in decaauts)
 A = Elapsed time spent in this place.
 B = Non-inter-level travel time spent in this place.
 C = Inter-level travel time spent in this place.
 D = Time resting spent in this place.
 E = Time spent auto-exploring this place.
 F = Levels seen in this place.
 G = Mean time per level.
                   A        B        C        D        E       F      G
               +--------+--------+--------+--------+--------+-----+--------+
         Total |   4304 |   4177 |    127 |    477 |   2803 |   5 |  860.8 |
       Dungeon |   4304 |   4177 |    127 |    477 |   2803 |   5 |  860.8 |
               +--------+--------+--------+--------+--------+-----+--------+

Top non-repeatable levels by time:
     D:1: 1216 daAuts
     D:4: 1084 daAuts
     D:3: 810 daAuts
     D:2: 780 daAuts
     D:5: 412 daAuts
